 Dungeon Crawl Stone Soup version 0.30-a0-626-gd6a5dd7a1f (webtiles) character file.

Game seed: 1656849396305972524

163 ryw the Grave Robber (level 5, -1/29 HPs)
             Began as a Deep Elf Necromancer on Jan 12, 2023.
             Slain by an orc priest
             ... wielding a +0 trident
              (8 damage)
             ... on level 4 of the Dungeon.
             The game lasted 00:06:49 (2978 turns).

ryw the Grave Robber (Deep Elf Necromancer)         Turns: 2978, Time: 00:06:50

Health: -1/29      AC:  3    Str:  5    XL:     5   Next: 20%
Magic:  2/11       EV: 13    Int: 22    God:
Gold:   130        SH:  0    Dex: 15    Spells: 2/10 levels left

rFire   . . .      SeeInvis .    p - +2 short sword (speed)
rCold   . . .      Faith    .    (no shield)
rNeg    . . .      Spirit   .    a - +1 robe
rPois   .          Reflect  .    (no helmet)
rElec   .          Harm     .    (no cloak)
rCorr   .          Rampage  .    (no gloves)
Will    .....                    (no boots)
Stlth   ++                       (no amulet)
HPRegen 0.24/turn                (no ring)
MPRegen 0.12/turn                (no ring)

@: flying
A: no striking features
a: no special abilities


You were on level 4 of the Dungeon.
You visited 1 branch of the dungeon, and saw 4 of its levels.

You collected 130 gold pieces.

Inventory:

Hand Weapons
 f - a +0 short sword
 p - a +2 short sword of speed (weapon)
 t - a +0 short sword of flaming
Missiles
 l - 4 javelins
Armour
 a - a +1 robe (worn)
 o - a +4 ring mail
Jewellery
 n - an amulet of guardian spirit
Scrolls
 d - 2 scrolls of enchant armour
 e - a scroll of teleportation {unknown}
 k - a scroll of vulnerability {unknown}
 m - a scroll of poison {unknown}
 q - a scroll of blinking {unknown}
 r - a scroll of amnesia {unknown}
 s - a scroll of enchant weapon {unknown}
Potions
 b - a potion of magic
 c - 2 potions of flight
 g - 3 potions of haste {unknown}
 h - a potion of curing {unknown}
 i - a potion of heal wounds {unknown}
 j - a potion of might {unknown}


   Skills:
 + Level 1.4 Fighting
 + Level 3.4 Dodging
 - Level 2.4 Stealth
 - Level 3.0 Spellcasting
 - Level 7.0 Necromancy


You had 2 spell levels left.
You knew the following spells:

 Your Spells              Type           Power      Damage    Failure   Level
a - Necrotise             Necr           100%       1d9       1%          1
b - Vampiric Draining     Necr           34%        2d8       1%          3
c - Animate Dead          Necr           34%        N/A       7%          4

Your spell library contained the following spells:

 Spells                   Type           Power      Damage    Failure   Level
 Sublimation of Blood     Necr           34%        N/A       1%          2
 Agony                    Necr           34%        N/A       19%         5
 Petrify                  Tmut/Erth      3%         N/A       77%         4
 Irradiate                Conj/Tmut      1%         3d12      98%         5


Dungeon Overview and Level Annotations

Branches:
Dungeon (4/15)
 Temple: D:4-7

Altars:

Shops:
D:2 (

Annotations:
D:2 Terence
D:4 Edmund


Message History

You hit the orc priest.
The orc priest is almost dead.
The orc priest barely misses you.
You hit the orc priest.
You kill the orc priest!
You have reached level 5!
Found a dagger.
You see here a +0 short sword of flaming.
t - a +0 short sword of flaming An orc priest comes into view.
It is wielding a +0 trident.
The quokka attacks as you move away! The quokka closely misses you.
Your river rat zombie bites the quokka.
Casting: Vampiric Draining (safe; 1% risk of failure)
Confirm with . or Enter, or press ? or * to list all spells.
You don't have enough magic to cast this spell.
Unknown command.
You hit the quokka.
You kill the quokka!
Found a whip.
Your river rat zombie misses the orc priest.
The orc priest hits your river rat zombie with a +0 trident!
Your river rat zombie is destroyed!
An orc comes into view. It is wielding a +0 short sword.
The orc priest hits you with a +0 trident.
The orc moves out of view.
Casting: Vampiric Draining (safe; 1% risk of failure)
Confirm with . or Enter, or press ? or * to list all spells.
You don't have enough magic to cast this spell.
Unknown command.
You hit the orc priest.
The orc priest is lightly wounded.
You barely miss the orc priest.
The orc priest is lightly wounded.
The orc priest hits you with a +0 trident.
* * * LOW HITPOINT WARNING * * *
It was a potion of flight.
You feel very buoyant.
You fly up into the air.
The orc priest hits you with a +0 trident!
You die...

#. #.# . #.# .#
##...####. ##
###.#.#....## #..
....)...# o###.#
#.#.#.###..#..##
#...# #...(....
##@####......#
#o..o....).#
######.##### #.#
#####.# ###
######.....######
..#
#...##............
##
###.<..)...#######
.# ######.....#


You could see an orc priest and an orc.

Vanquished Creatures
  A hound (D:4)
  An orc priest (D:4)
  2 adders (D:3)
  A river rat (D:4)
  5 dart slugs
  An orc (D:3)
  3 endoplasms
  2 giant cockroaches
  6 goblins
  5 hobgoblins
  2 jackals (D:2)
  6 kobolds
  4 quokkas
  7 ball pythons
  4 bats
  3 frilled lizards
  5 rats
58 creatures vanquished.

Vanquished Creatures (collateral kills)
  A worm (D:4)
  A ball python (D:4)
  A quokka (D:2)
  A bat (D:1)
  A frilled lizard (D:1)
  A rat (D:1)
6 creatures vanquished.

Vanquished Creatures (others)
  A river rat zombie (D:4)
1 creature vanquished.

Grand Total: 65 creatures vanquished

Notes
Turn   | Place    | Note
-------+----------+-------------------------------------------
     0 | D:1      | ryw the Deep Elf Necromancer began the quest for the Orb.
     0 | D:1      | Reached XP level 1. HP: 10/10 MP: 6/6
    49 | D:1      | Reached skill level 5 in Necromancy
   182 | D:1      | Reached XP level 2. HP: 15/15 MP: 4/8
   543 | D:1      | Found a faded altar of an unknown god.
   868 | D:2      | Reached skill level 6 in Necromancy
   889 | D:2      | Reached XP level 3. HP: 19/19 MP: 4/9
  1071 | D:2      | Found Omaop's Antique Weapon Emporium.
  1328 | D:2      | Noticed Terence
  1382 | D:2      | Learned a level 3 spell: Vampiric Draining
  2144 | D:3      | Reached XP level 4. HP: 24/24 MP: 6/10
  2184 | D:3      | Learned a level 4 spell: Animate Dead
  2547 | D:3      | Reached skill level 7 in Necromancy
  2822 | D:4      | Reached skill level 1 in Fighting
  2889 | D:4      | Noticed Edmund
  2963 | D:4      | Reached XP level 5. HP: 12/29 MP: 1/11
  2978 | D:4      | Slain by an orc priest

Illustrated notes

Levels and vault maps discovered:
D:1:      minmay_arrival_nine_rooms, layout_basic,
          shapermc_ecumenical_altar_notcrosses, nrook_uturn
D:2:      layout_loops_cross, serial_shops, shop, uniq_terence
D:3:      layout_loops_ring
D:4:      layout_loops_ring, makhleb_altar_promises_db,
          lightli_sewer_entry_pipes, minmay_pentomino_pile, uniq_edmund

Skill      XL: |  1  2  3  4 |
---------------+-------------+-----
Necromancy     | 5 6 7 |  7.0
Fighting       | 1 |  1.4
Dodging        | 3 |  3.4
Stealth        | |  2.4
Spellcasting   | |  3.0

Action                   |  1- 3 |  4- 6 || total
-------------------------+-------+-------++-------
Melee: Short sword       |    10 |    15 ||    25
 Cast: Necrotise         |    51 |     2 ||    53
       Vampiric Draining |    11 |    12 ||    23
       Animate Dead      |       |     2 ||     2
  Use: Scroll            |     1 |       ||     1
       Potion            |       |     1 ||     1
 Stab: Distracted        |     1 |       ||     1
       Sleeping          |     1 |       ||     1
Armor: Robe              |     4 |     2 ||     6
Dodge: Dodged            |    14 |    10 ||    24

Table legend: (Time is in decaauts)
 A = Elapsed time spent in this place.
 B = Non-inter-level travel time spent in this place.
 C = Inter-level travel time spent in this place.
 D = Time resting spent in this place.
 E = Time spent auto-exploring this place.
 F = Levels seen in this place.
 G = Mean time per level.
                   A        B        C        D        E       F      G
               +--------+--------+--------+--------+--------+-----+--------+
         Total |   2968 |   2893 |     75 |     51 |   2370 |   4 |  742.0 |
       Dungeon |   2968 |   2893 |     75 |     51 |   2370 |   4 |  742.0 |
               +--------+--------+--------+--------+--------+-----+--------+

Top non-repeatable levels by time:
     D:2: 1015 daAuts
     D:3: 926 daAuts
     D:1: 787 daAuts
     D:4: 239 daAuts
